 Dungeon Crawl Stone Soup version 0.15.2 (webtiles) character file.

8481 Khodoque the Spear-Bearer (level 11, -1/102 HPs)
             Began as a Minotaur Fighter on Dec 13, 2014.
             Was an Elder of Okawaru.
             Splashed by an oklob sapling's acid (15 damage)
             ... on Level 10 of the Dungeon.
             The game lasted 00:41:28 (9311 turns).

Khodoque the Spear-Bearer (Minotaur Fighter)        Turns: 9311, Time: 00:41:29

HP  -1/102       AC  6     Str 22      XL: 11   Next: 10%
MP   0/6         EV  8     Int  5      God: Okawaru [****..]
Gold 467         SH  0     Dex 12      Spells:  0 memorised, 10 levels left

rFire  . . .     SeeInvis .     F - +1 halberd (freeze)
rCold  . . .     Clarity  .     D - +0 chain mail
rNeg   . . .     rCorr    .     (no shield)
rPois  .         rRot     .     n - +1 hat
rElec  .         Spirit   +     (no cloak)
SustAb .         Warding  .     l - +0 pair of gloves
rMut   .         Stasis   .     (no boots)
Gourm  .                        b - amulet of guardian spirit
MR     .....                    g - cursed +2 ring of protection
                                f - ring of stealth

@: corroded equipment, not resistant to hostile enchantments, extremely
unstealthy
A: retaliatory headbutt, horns 2
a: Heroism, Renounce Religion


You were on level 10 of the Dungeon.
You worshipped Okawaru.
Okawaru was greatly pleased with you.
You were not hungry.

You visited 2 branches of the dungeon, and saw 11 of its levels.

You collected 467 gold pieces.

Inventory:

Hand weapons
 a - a +0 trident
 F - a +1 halberd of freezing (weapon)
Armour
 c - a +0 shield
 l - a +0 pair of gloves (worn)
 n - a +1 hat (worn)
 D - a +0 chain mail (worn)
Magical devices
 K - a wand of digging (12) {unknown}
 M - a wand of draining (7) {unknown}
Comestibles
 d - 4 bread rations
 j - 3 meat rations
 z - 15 fruits
 N - 5 chunks of hill giant flesh
Scrolls
 h - 3 scrolls of immolation {unknown}
 k - 2 scrolls of noise {unknown}
 r - 4 scrolls of magic mapping
 v - 3 scrolls of remove curse {unknown}
 x - 2 scrolls of enchant armour {unknown}
 y - 3 scrolls of teleportation {unknown}
 A - 10 scrolls of identify
 C - 4 scrolls of recharging {unknown}
 E - 2 scrolls of blinking {unknown}
 H - a scroll of silence {unknown}
 I - a scroll of enchant weapon {unknown}
Jewellery
 b - an amulet of guardian spirit (around neck)
 f - a ring of stealth (left hand)
 g - a cursed +2 ring of protection (right hand)
 s - an uncursed ring of magical power
 O - an uncursed ring of fire {unknown}
Potions
 e - 4 potions of might
 i - 2 potions of porridge
 m - a potion of confusion {unknown}
 o - 3 potions of curing
 p - 2 potions of cancellation {unknown}
 q - a potion of lignification {unknown}
 t - 3 potions of poison {unknown}
 u - 2 potions of restore abilities {unknown}
 w - a potion of cure mutation {unknown}
 B - a potion of heal wounds {unknown}
 J - a potion of berserk rage {unknown}
 L - a potion of degeneration {unknown}
Books
 G - a book of Maledictions

   Spells                             Type                      Level
   Corona                             Hexes                        1
   Sure Blade                         Hexes/Charms                 2
   Ensorcelled Hibernation            Hexes/Ice                    2
   Confuse                            Hexes                        3
   Dazzling Spray                     Conjuration/Hexes            3
   Enslavement                        Hexes                        4


   Skills:
 + Level 11.1 Fighting
 - Level 14.0 Polearms
 + Level 10.5 Armour
 - Level 3.6 Shields
 - Level 1.7 Invocations


You had 10 spell levels left.
You didn't know any spells.

Dungeon Overview and Level Annotations

Branches:
Dungeon (10/15)            Temple (1/1) D:4
    Orc: D:9-12        Lair: D:8-11

Altars:
Ashenzari
Cheibriados
Dithmenos
Elyvilon
Fedhas
Kikubaaqudgha
Makhleb
Nemelex Xobeh
Okawaru
Qazlal
Sif Muna
Trog
Vehumet
Xom
Yredelemnul
Zin
The Shining One

Annotations:
D:10 exclusion: 2 oklob saplings


Innate Abilities, Weirdness & Mutations

You reflexively headbutt those who attack you in melee.
You have a pair of horns on your head.


Message History

Marking area arund ze oklob sapling as unsaf for traveling.
Ann oklob sapling komes into viev.
Fund 2 fruits.
Yu se her 2 fruits.
z - 1 fruits (gained 2) Zer ist a blosoming altar of Fedhas her.
Yu se her 2 fruits.
z - 13 fruits (gained 2) Ze oklob sapling spits asid at yu.
Ze splasch of asid hits yu!
Ze asid burns!
Yu se her 2 fruits.
z - 15 fruits (gained 2) Ze oklob sapling spits asid at yu.
Ze splasch of asid hits yu!
Ze asid korodes yur equipment!
Ze asid burns!
* * * LOV HITPOINT VARNING * * *
Ze oklob sapling spits asid at yu.
Ze splasch of asid hits yu!
* * * LOV HITPOINT VARNING * * *
Ze asid korodes yur equipment!
Ze asid burns!
Yu die.

### #.#########################
#.....................>...#
#.###♣♣♣♣♣♣♣♣♣♣##########.# #.#
♣♣.♣♣♣♣♣♣♣ #.# #.# ♣.♣.♣♣P.%♣♣
###.###
####.##♣.♣.♣*♣%_@♣♣#######.....#
...#.#.♣.♣.♣♣♣...♣♣............#
.)(((..♣.♣♣.♣..♣P♣♣.......>....#
##.#...(♣♣.♣.♣♣♣♣♣♣........#+###
#....(♣♣♣♣.♣♣ ♣♣.##.....#.#
##......♣♣♣♣♣♣♣♣♣♣..##.....#.#
.#.......#.#.#.#....##.....#.####
.........#.#........##...........
......####.#<..#....##...........


You could see 2 oklob saplings.

Vanquished Creatures
  The ghost of Iskender the Basher, an experienced FoWn of Fedhas (D:8)
  A hill giant (D:10)
  The ghost of HiobMontag the Skirmisher, an average HOFi (D:4)
  A vampire (D:10)
  Eustachio (D:9)
  A wyvern (D:9)
  7 yaks
  2 hungry ghosts
  2 hippogriffs
  An ice beast (D:9)
  2 orc warriors
  2 sky beasts
  4 wandering mushrooms (D:10)
  A black bear (D:10)
  An ogre (D:5)
  A phantom (D:6)
  7 centaurs
  A crocodile (D:7)
  A big kobold (D:10)
  7 giant frogs
  A gnoll sergeant (D:9)
  9 killer bees
  A vampire bat (D:4)
  11 wights
  A yak skeleton (D:7)
  2 goliath beetles
  6 crimson imps
  2 jellies
  An iguana (D:9)
  A quasit (D:8)
  3 orc priests
  2 hounds
  A giant frog skeleton (D:4)
  A gnoll shaman (D:6)
  A centaur skeleton (D:8)
  4 orc wizards
  12 worker ants
  An ogre skeleton (D:4)
  A mummy (D:6)
  A hound skeleton (D:6)
  9 adders
  A green rat (D:9)
  25 gnolls
  3 shadow imps
  3 giant mites
  An orc skeleton (D:7)
  3 worms
  2 giant geckos
  An ooze (D:1)
  18 orcs
  2 spectral bats (D:4)
  25 bats
  A bat simulacrum (D:4)
  3 bat skeletons (D:4)
  A bat zombie (D:4)
  3 fire bats (D:4)
  9 giant cockroaches
  8 goblins
  10 hobgoblins
  10 jackals
  7 quokkas
  3 giant newts
  A hobgoblin skeleton (D:8)
  18 kobolds
  21 rats
  3 ballistomycetes (D:10)
298 creatures vanquished.

Vanquished Creatures (others)
  2 killer bees (D:10)
  A giant spore (D:10)
3 creatures vanquished.

Grand Total: 301 creatures vanquished

Notes
Turn   | Place    | Note
--------------------------------------------------------------
     0 | D:1      | Khodoque, the Minotaur Fighter, began the quest for the Orb.
     0 | D:1      | Reached XP level 1. HP: 19/19 MP: 1/1
    51 | D:1      | Reached XP level 2. HP: 24/26 MP: 1/1
   237 | D:1      | Reached skill level 4 in Polearms
   627 | D:2      | Reached XP level 3. HP: 31/31 MP: 2/2
   975 | D:2      | Reached skill level 5 in Polearms
   981 | D:2      | Reached XP level 4. HP: 27/39 MP: 2/2
  1013 | D:2      | Found a basalt altar of Yredelemnul.
  1535 | D:3      | Reached skill level 6 in Polearms
  1559 | D:3      | Reached XP level 5. HP: 28/45 MP: 2/2
  2405 | D:3      | Reached skill level 7 in Polearms
  2506 | D:3      | Reached XP level 6. HP: 19/51 MP: 3/3
  2866 | D:4      | Noticed HiobMontag's ghost (average HOFi)
  2885 | D:4      | Killed HiobMontag's ghost
  2885 | D:4      | Reached skill level 9 in Polearms
  2885 | D:4      | Reached XP level 7. HP: 31/57 MP: 3/3
  3202 | D:4      | Found a staircase to the Ecumenical Temple.
  3211 | Temple   | Entered the Ecumenical Temple
  3307 | Temple   | Became a worshipper of Warmaster Okawaru
  3514 | D:4      | Noticed a giant frog
  3519 | D:4      | Killed a giant frog
  3519 | D:4      | Reached skill level 10 in Polearms
  3780 | D:5      | Entered Level 5 of the Dungeon
  4062 | D:5      | Reached skill level 11 in Polearms
  4106 | D:5      | Acquired Okawaru's first power
  4106 | D:5      | Reached XP level 8. HP: 42/64 MP: 3/3
  4628 | D:6      | Reached skill level 12 in Polearms
  4965 | D:6      | Reached skill level 1 in Invocations
  4985 | D:6      | Reached skill level 5 in Fighting
  5902 | D:7      | Reached XP level 9. HP: 72/78 MP: 6/6
  6118 | D:8      | Noticed Iskender's ghost (experienced FoWn)
  6122 | D:7      | Reached skill level 5 in Armour
  7033 | D:8      | Killed Iskender's ghost
  7033 | D:8      | Reached skill level 13 in Polearms
  7443 | D:9      | Reached XP level 10. HP: 90/90 MP: 6/6
  7776 | D:9      | Noticed Eustachio
  7811 | D:9      | Killed Eustachio
  7811 | D:9      | Reached skill level 14 in Polearms
  8265 | D:10     | Entered Level 10 of the Dungeon
  8353 | D:10     | Reached skill level 10 in Fighting
  8871 | D:10     | Reached skill level 10 in Armour
  9144 | D:10     | Noticed a hill giant
  9152 | D:10     | Killed a hill giant
  9259 | D:10     | Reached XP level 11. HP: 79/101 MP: 6/6
  9292 | D:10     | Found a blossoming altar of Fedhas.
  9311 | D:10     | Splashed by an oklob sapling's acid

Action                   |  1- 3 |  4- 6 |  7- 9 | 10-12 || total
-------------------------+-------+-------+-------+-------++-------
Melee: Trident           |    94 |   184 |   474 |       ||   752
       Halberd           |       |       |    77 |   257 ||   334
Invok: Heroism           |       |       |     6 |     5 ||    11
  Use: Scroll            |     1 |       |     5 |     2 ||     8
       Potion            |       |       |     1 |       ||     1
  Eat: Chunk             |       |     7 |    14 |     7 ||    28
       Fruit             |       |       |     1 |     1 ||     2
